 Dungeon Crawl Stone Soup version 0.27.1-33-g824d729ab1 (webtiles) character file.

Game seed: 15622626360881004502

1113 demibob the Cleaver (level 8, -1/64 HPs)
             Began as a Minotaur Chaos Knight on Dec 8, 2021.
             Was a Plaything of Xom.
             Succumbed to a scorpion's poison
             ... on level 6 of the Dungeon.
             The game lasted 00:07:39 (5290 turns).

demibob the Cleaver (Minotaur Chaos Knight)         Turns: 5290, Time: 00:07:45

Health: -1/64      AC: 11    Str: 19    XL:     8   Next: 12%
Magic:  7/7        EV:  8    Int:  9    God:    Xom [*.....]
Gold:   16         SH:  0    Dex:  6    Spells: 7/7 levels left

rFire    . . .     SeeInvis .   a - +1 hand axe (chaos)
rCold    + . .     Faith    .   (no shield)
rNeg     . . .     Spirit   .   k - +1 chain mail
rPois    .         Reflect  .   (helmet restricted)
rElec    .         Harm     .   q - scarf {shadows}
rCorr    .         Rampage  .   (no gloves)
Will     .....     Rnd*Rage +   (no boots) Stlth ..........Rnd*Tele +
                                (no amulet)
HPRegen  0.20/turn              C - ring of protection from cold
MPRegen  0.10/turn              (no ring)

@: lethally poisoned (-1 -> -6), unable to read
A: horns 2, retaliatory headbutt, talons 1, berserk 1, clumsy 2, teleportitis 1,
inability to read while threatened
a: Renounce Religion


You were on level 6 of the Dungeon.
You worshipped Xom.
You were a special plaything of Xom.
You visited 1 branch of the dungeon, and saw 6 of its levels.

You collected 237 gold pieces.
You spent 221 gold pieces at shops.


Innate Abilities, Weirdness & Mutations

You have a pair of horns on your head.
You reflexively headbutt those who attack you in melee.
You have sharp toenails.
You tend to lose your temper in combat.
You are very clumsy. (Dex -4)
You are occasionally teleported next to monsters.
You sometimes lose the ability to read scrolls when taking damage.


   Skills:
 - Level 3.6 Fighting
 * Level 10.0 Axes
 + Level 7.0 Armour
 - Level 1.1 Dodging


You had 7 spell levels left.
You didn't know any spells.
Your spell library contained the following spells:

 Spells                   Type           Power      Damage    Failure   Level
 Animate Skeleton         Necr           0%         N/A       98%         1
 Pain                     Necr           0%         1d4       98%         1
 Vampiric Draining        Necr           0%         2d6       100%        3
 Dispersal                Tloc           0%         N/A       100%        6
 Disjunction              Tloc           0%         N/A       100%        8

Inventory:

Hand Weapons
 a - a +1 hand axe of chaos (weapon)
Missiles
 g - 48 poisoned darts (quivered)
Armour
 k - a +1 chain mail (worn)
 q - a scarf of shadows (worn)
Jewellery
 C - a ring of protection from cold (left hand)
 M - a ring of magical power
Wands
 d - a wand of iceblast (8)
 e - a wand of digging (6)
 l - a wand of paralysis (6)
 n - a wand of charming (9)
Scrolls
 c - a scroll of holy word
 j - a scroll of vulnerability
Potions
 f - 2 potions of haste {@q3}
 h - a potion of flight
 m - a potion of invisibility
 o - a potion of might
 p - a potion of attraction

Dungeon Overview and Level Annotations

Branches:
Dungeon (6/15)             Temple (0/1) D:4

Altars:
Makhleb

Shops:
D:5 !

Annotations:
D:3 1 runed translucent door, Crazy Yiuf
D:6 Menkaure

..........#
.##..........
#............
#.............
#.............
#............
#..#....@†...Z.
#....#....†.....
.....#..........
................
....#.#....#....
....M.....####..
..#..)).# ..
##.<..# #...##


You could see Menkaure and a water moccasin zombie.


Message History

Press: ? - help, Shift-Dir - straight line The mass of ice explodes!
The iceblast engulfs the iguana!
You kill the iguana!
* * * LOW HITPOINT WARNING * * *
You feel very sick.
You hear a shout!
The scorpion barely misses you.
Menkaure, Prince of Dust comes into view.
Aiming: Iceblast
Press: ? - help, Shift-Dir - straight line The mass of ice explodes!
The iceblast engulfs the scorpion!
The scorpion is severely wounded.
* * * LOW HITPOINT WARNING * * *
You feel sick. The scorpion barely misses you. You furiously retaliate!
You headbutt the scorpion. The scorpion stings you.
* * * LOW HITPOINT WARNING * * *
Unknown command.
Aiming: Iceblast
Press: ? - help, Shift-Dir - straight line The mass of ice explodes!
The iceblast engulfs the scorpion!
You kill the scorpion!
* * * LOW HITPOINT WARNING * * *
You feel sick.
You hear a shout!
A water moccasin zombie comes into view.
Your life force feels restored.
Your Axes skill increases to level 10!
Your Armour skill increases to level 7!
Okay, then.
You die...
Xom bursts into laughter!

Skill      XL: |  1  2  3  4  5  6  7  8 |
---------------+-------------------------+-----
Axes           | 4 5 6 7 8 9 10 | 10.0
Armour         | 3 4 5 6 7 |  7.0
Fighting       | |  3.6
Dodging        | |  1.1

Action                   |  1- 3 |  4- 6 |  7- 9 || total
-------------------------+-------+-------+-------++-------
Melee: Hand axe          |   107 |    79 |    62 ||   248
       Headbutt          |     9 |     5 |    10 ||    24
       Kick              |     6 |    12 |    13 ||    31
Evoke: Wand              |       |       |     4 ||     4
  Use: Scroll            |     4 |     5 |     4 ||    13
       Potion            |       |     6 |     3 ||     9
 Stab: Paralysed         |       |     1 |       ||     1
Armor: Leather armour    |    26 |       |       ||    26
       Chain mail        |     7 |    39 |    59 ||   105
       Skin              |       |    12 |       ||    12
Dodge: Dodged            |    71 |    18 |    24 ||   113

Levels and vault maps discovered:
D:1:      erik_arrival_cave_to_civilisation [erik_arrival_cave_to_hall],
          layout_basic, hellmonk_ecumenical_altar_heavens_door, serial_forest,
          infiniplex_forest_lined_room_2, infiniplex_forest_end_1,
          infiniplex_forest_lined_ring, infiniplex_forest_straight_4,
          infiniplex_forest_lined_3, infiniplex_forest_lined_corner
D:2:      minmay_wonky_spiral, layout_loops_ring, basic_altar,
          hangedman_abyss_or_decor_stabs, minmay_misc_feat_pillars
D:3:      layout_basic, ebering_dispersal_statue_hall, uniq_crazy_yiuf_cottage
D:4:      layout_loops_cross, minmay_temple_entry_enclosed_plants, uniq_ijyb
D:5:      layout_gridville, serial_shops, shop, uniq_duvessa, uniq_edmund
D:6:      layout_cave_pools, cheibrodos_sewer_entry_bend, minmay_misc_feat_chi,
          nzn_random_ring, uniq_maggie, uniq_menkaure

Notes
Turn   | Place    | Note
-------+----------+-------------------------------------------
     0 | D:1      | demibob the Minotaur Chaos Knight began the quest for the
                  | Orb.
     0 | D:1      | Reached XP level 1. HP: 19/19 MP: 0/0
    95 | D:1      | Reached skill level 4 in Axes
   143 | D:1      | Found a faded altar of an unknown god.
   152 | D:1      | Reached XP level 2. HP: 23/26 MP: 1/1
   384 | D:1      | Reached skill level 3 in Armour
   420 | D:1      | XOM: silly message
   479 | D:1      | XOM: potion effect (might)
   531 | D:1      | XOM: potion effect (invisibility)
   552 | D:1      | XOM: torment (14/26 hp)
   644 | D:1      | XOM: 1-stop teleportation journey
   706 | D:1      | Reached XP level 3. HP: 28/31 MP: 2/2
  1003 | D:1      | XOM: noise
  1407 | D:1      | XOM: give mutations
  1407 | D:1      | Gained mutation: You sometimes lose the ability to read
                  | scrolls when taking damage. [Xom's mischief]
  1407 | D:1      | Gained mutation: You are clumsy. (Dex -2) [Xom's mischief]
  1407 | D:1      | Gained mutation: You are very clumsy. (Dex -4) [Xom's
                  | mischief]
  1407 | D:1      | Gained mutation: You have sharp toenails. [Xom's mischief]
  1568 | D:2      | Reached skill level 5 in Axes
  1750 | D:2      | XOM: noise
  1855 | D:2      | XOM: god gift: chain mail {god gift}
  2013 | D:2      | Found a burning altar of Makhleb.
  2261 | D:3      | Reached XP level 4. HP: 30/39 MP: 3/3
  2626 | D:3      | Found a runed translucent door.
  2627 | D:3      | Noticed Crazy Yiuf
  2851 | D:4      | XOM: enchant monster (good)
  2878 | D:4      | XOM: summons 1 hostile demon
  2890 | D:4      | XOM: give mutations
  2890 | D:4      | Gained mutation: You occasionally shout uncontrollably at
                  | your foes. [Xom's mischief]
  2890 | D:4      | Lost mutation: You occasionally shout uncontrollably at
                  | your foes. [Xom's mischief]
  3002 | D:4      | Reached skill level 6 in Axes
  3002 | D:4      | Reached skill level 4 in Armour
  3040 | D:4      | Reached XP level 5. HP: 41/45 MP: 4/4
  3173 | D:4      | Noticed Ijyb
  3180 | D:4      | Killed Ijyb
  3317 | D:4      | Found a staircase to the Ecumenical Temple.
  3749 | D:5      | Entered Level 5 of the Dungeon
  3751 | D:5      | Noticed an ice beast
  3762 | D:4      | XOM: summons friendly crimson imp
  3766 | D:4      | Killed an ice beast
  3767 | D:4      | Reached skill level 7 in Axes
  3767 | D:4      | Reached XP level 6. HP: 45/51 MP: 5/5
  3920 | D:5      | Noticed Duvessa
  3924 | D:5      | Identified a potion of resistance
  3926 | D:5      | Noticed Dowan
  3927 | D:5      | XOM: summons 4 friendly demons
  3931 | D:5      | Reached skill level 5 in Armour
  3940 | D:5      | Killed Duvessa
  3952 | D:5      | Killed Dowan
  3953 | D:5      | Reached skill level 8 in Axes
  4053 | D:5      | XOM: cleaving
  4075 | D:5      | Reached XP level 7. HP: 57/57 MP: 6/6
  4162 | D:5      | XOM: summons 3 hostile demons
  4279 | D:5      | Found Hiunuasa's Distillery.
  4290 | D:5      | Bought a potion of heal wounds for 65 gold pieces
  4290 | D:5      | Bought a potion of invisibility for 104 gold pieces
  4290 | D:5      | Bought a potion of attraction for 39 gold pieces
  4290 | D:5      | Bought a potion of degeneration for 13 gold pieces
  4295 | D:5      | XOM: summons 4 hostile demons
  4433 | D:5      | Reached skill level 6 in Armour
  4446 | D:5      | Reached skill level 9 in Axes
  4899 | D:5      | Noticed Edmund
  4899 | D:5      | XOM: chaos cloud
  4903 | D:5      | Killed Edmund
  5115 | D:5      | XOM: give mutations
  5115 | D:5      | Gained mutation: You are frail. (-10% HP) [Xom's mischief]
  5115 | D:5      | Gained mutation: You are occasionally teleported next to
                  | monsters. [Xom's mischief]
  5115 | D:5      | Lost mutation: You are frail. (-10% HP) [Xom's mischief]
  5115 | D:5      | Gained mutation: You tend to lose your temper in combat.
                  | [Xom's mischief]
  5156 | D:6      | XOM: confusion
  5273 | D:6      | Reached XP level 8. HP: 22/61 MP: 7/7
  5287 | D:6      | HP: 6/61 [poisoned by a scorpion]
  5287 | D:6      | Noticed Menkaure
  5288 | D:6      | HP: 2/62 [scorpion (2)]
  5290 | D:6      | Reached skill level 10 in Axes
  5290 | D:6      | Reached skill level 7 in Armour
  5290 | D:6      | Succumbed to a scorpion's poison

Vanquished Creatures
  Edmund (D:5)
  An ice beast (D:4)
  A sky beast (D:5)
  A gnoll sergeant (D:5)
  A scorpion (D:6)
  3 wights (D:6)
  An orc priest (D:4)
  A bullfrog skeleton (D:4)
  2 centaur skeletons
  Ijyb (D:4)
  5 iguanas
  An orc wizard (D:5)
  4 gnolls (D:5)
  An adder (D:3)
  A white imp (D:5)
  5 dart slugs
  3 orcs
  8 endoplasms
  A giant cockroach (D:1)
  5 goblins
  6 hobgoblins
  8 kobolds
  4 quokkas
  6 ball pythons
  8 bats
  5 frilled lizards
  A quokka skeleton (D:4)
  6 rats
91 creatures vanquished.

Vanquished Creatures (collateral kills)
  Duvessa (D:5)
  Dowan (D:5)
  An orc priest (D:5)
  2 orcs
5 creatures vanquished.

Vanquished Creatures (others)
  An orc wizard (D:5)
1 creature vanquished.

Grand Total: 97 creatures vanquished

Table legend: (Time is in decaauts)
 A = Elapsed time spent in this place.
 B = Non-inter-level travel time spent in this place.
 C = Inter-level travel time spent in this place.
 D = Time resting spent in this place.
 E = Time spent auto-exploring this place.
 F = Levels seen in this place.
 G = Mean time per level.
                   A        B        C        D        E       F      G
               +--------+--------+--------+--------+--------+-----+--------+
         Total |   5277 |   5097 |    180 |    863 |   3604 |   6 |  879.5 |
       Dungeon |   5277 |   5097 |    180 |    863 |   3604 |   6 |  879.5 |
               +--------+--------+--------+--------+--------+-----+--------+

Top non-repeatable levels by time:
     D:1: 1546 daAuts
     D:5: 1484 daAuts
     D:4: 906 daAuts
     D:2: 714 daAuts
     D:3: 596 daAuts
     D:6: 30 daAuts

Table legend:
 A = Non-vault XP
 B = Vault XP
 C = Vault XP percentage of total XP
 D = Non-vault monster count
 E = Vault monster count
 F = Vault count percentage of total count
                 A         B        C        D         E       F
            +---------+---------+-------+---------+---------+-------
      Total |    1204 |     387 |  24.3 |      87 |      10 |  10.3
            +---------+---------+-------+---------+---------+-------
        D:1 |      58 |       5 |   7.9 |      33 |       2 |   5.7
        D:2 |      21 |       9 |  30.0 |      11 |       4 |  26.7
        D:3 |      22 |       0 |   0.0 |       7 |       0 |   0.0
        D:4 |     245 |      36 |  12.8 |      12 |       1 |   7.7
        D:5 |     558 |     337 |  37.7 |      19 |       3 |  13.6
        D:6 |     300 |       0 |   0.0 |       5 |       0 |   0.0
            +---------+---------+-------+---------+---------+-------
